 Dungeon Crawl Stone Soup version 0.26.0-8-g74fc34ddfb (webtiles) character file.

Game seed: 1228323713166197676

44 Destapler the Sneak (level 3, -4/21 HPs)
             Began as an Octopode Hedge Wizard on Jan 12, 2021.
             Slain by a sky beast (6 damage)
             ... on level 3 of the Dungeon.
             The game lasted 00:05:05 (2627 turns).

Destapler the Sneak (Octopode Hedge Wizard)         Turns: 2627, Time: 00:05:06

Health: -4/21      AC:  1    Str:  9    XL:     3   Next: 60%
Magic:  12/16      EV: 13    Int: 17    God:
Gold:   124        SH:  0    Dex: 11    Spells: 7/8 levels left

rFire    . . .     SeeInvis .   a - +0 dagger
rCold    . . .     Faith    .   (no shield)
rNeg     . . .     Spirit   .   b - +0 hat
rPois    .         Reflect  .   (no amulet)
rElec    .         Harm     .   g - ring of magical power
rCorr    .         Rampage  .   (no ring)
Will     .....                  (no ring)
Stlth    +++.......             (no ring)
HPRegen  0.07/turn              (no ring)
MPRegen  0.15/turn              (no ring)
                                (no ring)
                                (no ring)

@: no status effects
A: almost no armour, stealthy swim, amphibious, 8 rings, constrict 8, camouflage
1, gelatinous body 1
a: no special abilities


You were on level 3 of the Dungeon.
You visited 1 branch of the dungeon, and saw 3 of its levels.

You collected 124 gold pieces.

Inventory:

Hand Weapons
 a - a +0 dagger (weapon)
Armour
 b - a +0 hat (worn)
Jewellery
 g - a ring of magical power (left tentacle)
 l - an uncursed ring of protection from cold {unknown}
Wands
 o - a wand of paralysis (8)
Scrolls
 c - a scroll of magic mapping {unknown}
 d - 2 scrolls of teleportation {unknown}
 h - a scroll of amnesia {unknown}
 i - 2 scrolls of remove curse {unknown}
 j - 3 scrolls of identify {unknown}
 n - a scroll of immolation {unknown}
Potions
 e - a potion of haste {unknown}
 f - a potion of lignification {unknown}
 k - a potion of might {unknown}
 m - a potion of degeneration {unknown}


   Skills:
 + Level 2.3 Dodging
 + Level 3.4 Stealth
 + Level 3.1 Spellcasting
 + Level 1.6 Conjurations
 + Level 1.6 Summonings
 + Level 1.4 Translocations


You had 7 spell levels left.
You knew the following spells:

 Your Spells              Type           Power        Failure   Level
a - Magic Dart            Conj           32%          9%          1

Your spell library contained the following spells:

 Spells                   Type           Power        Failure   Level
 Call Imp                 Summ           8%           13%         2
 Blink                    Tloc           N/A          14%         2
 Slow                     Hex            2%           26%         2
 Conjure Flame            Conj/Fire      5%           36%         3
 Mephitic Cloud           Conj/Pois/Air  4%           38%         3


Dungeon Overview and Level Annotations

Branches:
Dungeon (3/15)

Altars:


Innate Abilities, Weirdness & Mutations

You cannot wear most types of armour.
You are very stealthy in the water. (Stealth+)
You are amphibious.
You can wear up to eight rings at the same time.
You can use your tentacles to constrict eight enemies at once.
Your skin changes colour to match your surroundings (Stealth+).
Your rubbery body absorbs attacks. (AC +1, EV +1)


Message History

Aim: a sky beast (lightly wounded, 0% to evade)
The magic dart hits the sky beast but does no damage.
The sky beast is lightly wounded.
You closely miss the sky beast.
The sky beast is lightly wounded.
The sky beast hits you. The sky beast shocks you. The sky beast hits you.
The sky beast shocks you.
* * * LOW HITPOINT WARNING * * *
Your magical contamination has completely faded away.
A bat comes into view.
The bat moves out of view.
The sky beast flickers out of sight!
Deactivating autopickup; reactivate with Ctrl-A.
Found an escape hatch in the ceiling.
Found a chain mail.
There is a stone staircase leading up here.
Something hits you.
* * * LOW HITPOINT WARNING * * *
Something shocks you.
You die...

......[ ...... ...<. #...#
#... #...# ##... #...# ....
#...# #........# #..# #..@#
##........# #..# #...#
#........# # #..# #...#
#........## #.#..######...#
##.........# #...........#.#
#..........#
##.#..#.###.#.###.#........#
........#...................#
####..........#.###.#..#...##
............#.##..#..#####


There were no monsters in sight!

Vanquished Creatures
  2 dart slugs
  A leopard gecko (D:2)
  2 bats
  3 giant cockroaches
  5 goblins
  4 hobgoblins
  7 jackals (D:1)
  2 kobolds
  A quokka (D:3)
  A frilled lizard (D:1)
  4 rats
32 creatures vanquished.

Notes
Turn   | Place    | Note
-------+----------+-------------------------------------------
     0 | D:1      | Destapler the Octopode Hedge Wizard began the quest for the
                  | Orb.
     0 | D:1      | Reached XP level 1. HP: 11/11 MP: 4/4
   559 | D:1      | You fall into a shaft and drop 1 floor!
   581 | D:2      | Reached XP level 2. HP: 14/17 MP: 0/6
  1262 | D:1      | Reached XP level 3. HP: 19/21 MP: 7/7
  2609 | D:3      | Noticed a sky beast
  2627 | D:3      | Slain by a sky beast

Illustrated notes

Levels and vault maps discovered:
D:1:      tarquinn_simple_flora_water_e, layout_basic, minmay_door_square
D:2:      layout_basic, minmay_misc_feat_nine_boxes
D:3:      layout_rooms, grunt_temple_overflow_diamond

Skill      XL: |  1  2 |
---------------+-------+-----
Stealth        | 3 |  3.4
Dodging        | |  2.3
Spellcasting   | |  3.1
Conjurations   | |  1.6
Summonings     | |  1.6
Translocations | |  1.4

Action                   || total
-------------------------++-------
Melee: Dagger            ||    40
       Constrict         ||    12
       Tentacles         ||     8
 Cast: Magic Dart        ||    63
 Stab: Sleeping          ||     4
Armor: Skin              ||     3
Dodge: Dodged            ||    22
